 Dungeon Crawl Stone Soup version 0.30-a0-779-g7971cf19c3 (webtiles) character file.

Game seed: 9728234706950705256

16906 dolemite99 the Anamnesiscian (level 12, -4/96 HPs)
             Began as a Hill Orc Fire Elementalist on Feb 18, 2023.
             Was an Elder of Hepliaklqana.
             Succumbed to a kobold brigand's curare-tipped dart
             ... on level 10 of the Dungeon.
             The game lasted 00:44:29 (16408 turns).

dolemite99 the Anamnesiscian (HOFE)                Turns: 16408, Time: 00:44:30

Health: -4/96      AC: 11    Str: 12    XL:     12   Next: 42%
Magic:  20/20      EV: 15    Int: 19    God:    Hepliaklqana [****..]
Gold:   13         SH:  0    Dex: 13    Spells: 6/19 levels left

rFire   . . .      SeeInvis .    f - +3 hand axe (freeze)
rCold   + . .      Faith    .    Q - orb {light}
rNeg    . . .      Spirit   .    P - +0 acid dragon scales
rPois   .          Reflect  .    X - +1 hat {Stlth+}
rElec   .          Harm     .    T - +1 cloak of Starlight {*Dazzle EV+4 Stlth--}
rCorr   +          Rampage  .    J - +0 pair of gloves
Will    +....                    y - +0 pair of boots Stlth
                                 w - amulet of magic regeneration
HPRegen 0.36/turn                e - ring of Ecailurr {rC+ Will+ Dex+2}
MPRegen 0.57/turn                F - ring of wizardry

@: lethally poisoned (-4 -> -32), slowed, glowing, very slow
A: reduced essence
a: Renounce Religion, Recall Ancestor, Ancestor Identity, Transference, Idealise


You were on level 10 of the Dungeon.
You worshipped Hepliaklqana.
Hepliaklqana was greatly pleased with you.
You visited 1 branch of the dungeon, and saw 11 of its levels.

You collected 708 gold pieces.
You spent 695 gold pieces at shops.

Inventory:

Hand Weapons
 a - the +9 staff of Olgreb {rPois∞}
   (You acquired it on level 4 of the Dungeon)

   It enhances your poison magic.
   It grants immunity to poison.
   It can be activated via the 'a'bility menu to radiate toxic energy, with
   effectiveness depending on Evocations skill.
 f - a +3 hand axe of freezing (weapon)
 h - a +1 scimitar of flaming
Missiles
 j - 4 boomerangs of dispersal
 m - 26 poisoned darts
 n - 9 javelins
 o - 6 boomerangs
 L - 2 throwing nets
Armour
 y - a +0 pair of boots (worn)
 G - a +3 leather armour
 J - a +0 pair of gloves (worn)
 P - +0 acid dragon scales (worn)
 Q - an orb of light (worn)
 T - the +1 cloak of Starlight (worn) {*Dazzle EV+4 Stlth--}
   (You bought it in a shop on level 5 of the Dungeon)

   *Dazzle:   It may blind those who miss an attack against the wearer in melee
   combat.
   EV:        It affects your evasion (+4).
   Stlth:     It makes you much less stealthy.
 U - a +1 hat
 X - a +1 hat of stealth (worn)
Magical Staves
 b - a staff of air
Jewellery
 e - the ring of Ecailurr (left hand) {rC+ Will+ Dex+2}
   (You acquired it on level 5 of the Dungeon)

   [ring of willpower]

   Dex:       It affects your dexterity (+2).
   rC:        It protects you from cold.
   Will:      It increases your willpower.
 k - a ring of flight
 u - an amulet of magic regeneration
 w - an amulet of magic regeneration (around neck)
 E - a ring of protection from fire
 F - a ring of wizardry (right hand)
 I - a ring of protection from fire
 K - a ring of ice
 R - a +6 ring of dexterity
Wands
 s - a wand of iceblast (3)
 N - a wand of flame (21)
 W - a wand of mindburst (9)
Scrolls
 g - a scroll of teleportation
 q - a scroll of vulnerability
 r - a scroll of enchant weapon
 v - a scroll of fog
 x - a scroll of poison
 z - a scroll of immolation
 C - 2 scrolls of magic mapping
 M - 8 scrolls of identify {@r1}
 O - 3 scrolls of summoning
 S - a scroll of brand weapon
Potions
 c - 4 potions of curing
 d - 2 potions of lignification
 i - 2 potions of mutation
 l - 2 potions of invisibility
 p - 4 potions of might
 A - 4 potions of heal wounds
 B - 2 potions of flight
 D - a potion of magic
 H - 3 potions of haste
 V - a potion of brilliance


   Skills:
 + Level 10.5 Fighting
 - Level 11.7 Axes
 - Level 1.5 Dodging
 - Level 1.5 Stealth
 - Level 4.4 Spellcasting
 * Level 5.0 Conjurations
 - Level 9.8 Fire Magic
 - Level 5.4 Poison Magic
 - Level 11.8 Invocations


You had 6 spell levels left.
You knew the following spells:

 Your Spells              Type           Power      Damage    Failure   Level
a - Foxfire               Conj/Fire      100%       2x1d9     1%          1
b - Scorch                Fire           82%        2d9       1%          2
c - Ignite Poison         Fire/Tmut/Pois 23%        N/A       3%          3
d - Inner Flame           Hex/Fire       22%        N/A       3%          3
e - Flame Wave            Conj/Fire      32%        2d9       4%          4

Your spell library contained the following spells:

 Spells                   Type           Power      Damage    Failure   Level
 Kindle Blastsparks       Fire/Tloc/Air  32%        2d12      6%          3
 Dazzling Flash           Conj/Hex       26%        N/A       9%          3
 Fulminant Prism          Conj/Hex       6%         3d7       26%         4
 Iskenderun's Mystic Bla  Conj/Tloc      13%        2d5       26%         4
 Starburst                Conj/Fire      16%        6d6       47%         6
 Cause Fear               Hex            2%         N/A       58%         4
 Freezing Cloud           Conj/Ice/Air   5%         6-21      69%         5
 Lee's Rapid Deconstruct  Erth           2%         3d4*      89%         5
 Discord                  Hex            2%         N/A       100%        8


Dungeon Overview and Level Annotations

Branches:
Dungeon (11/15)            Temple (0/1) D:4            Lair (0/5) D:11
    Orc (0/2) D:9

Altars:
Elyvilon
Hepliaklqana
Kikubaaqudgha
Makhleb
Nemelex Xobeh
Okawaru
Yredelemnul

Shops:
D:5 [=[*   D:7 =   D:8 ((   D:10 [

Annotations:
D:7 1 runed translucent door, exclusion: oklob plant, hgbash's ghost, novice GrEE


Message History

Unknown command.
The foxfire hits the two-headed ogre!
The two-headed ogre is heavily wounded.
The foxfire hits the two-headed ogre.
The two-headed ogre is heavily wounded.
You climb upwards.
There is a stone staircase leading down here.
Magic restored.
There is an open door here.
Tepiltzin emerges from the mists of memory!
There is an open door here.
You can't go down here!
There is a stone staircase leading down here.
You climb downwards.
The cyclops shouts!
The two-headed ogre shouts in stereo!
The kobold brigand throws a curare-tipped dart.
The curare-tipped dart hits you.
You are poisoned.
You have difficulty breathing.
You feel yourself slow down.
The centaur warrior unwields a +0 dagger.
The centaur warrior wields a +0 shortbow.
The centaur warrior shoots an arrow.
The arrow hits you!! The cyclops barely misses you.
You hear a shout!
There is a stone staircase leading up, spattered with blood here.
You feel extremely sick.
The centaur warrior shoots an arrow.
The arrow hits you!
The kobold brigand throws a curare-tipped dart.
The curare-tipped dart hits you.
You are more poisoned.
You have difficulty breathing.
You feel as though you will be slow longer.
The centaur warrior shoots an arrow.
The arrow hits you!!
* * * LOW HITPOINT WARNING * * *
Tepiltzin hits the cyclops with a +0 flail.
The two-headed ogre barely misses you. The two-headed ogre closely misses you.
The cyclops hits you!
* * * LOW HITPOINT WARNING * * *
You climb upwards.
You die...

.....#####.#......# #.#######.'.
.....# #........# #.......).##
#.#### ###......# #######'### ..#
####.### #...# .## #.# #.### ##
#.## #.# #..# #####'###### ######
######'#####..........# .....#
#.....@C.#.'..........#
.....######....R...#.#..........#
.....'....'........'.#..........#
.....######........###...>......'
.....# #........# #..........#
.....# ###'###### ######+#####
###+## #.# ####.# #.# #.# #....#
###.# #.# #.####


You could see the friendly Tepiltzin the knight and a cyclops.

Vanquished Creatures
  Erolcha (D:9)
  A boulder beetle (D:11)
  A two-headed ogre (D:10)
  A flayed ghost (D:11)
  Pikel (D:6)
  2 ugly things (D:11)
  2 manticores (D:11)
  Joseph (D:7)
  A komodo dragon (D:11)
  2 trolls
  A hornet (D:8)
  2 wraiths
  A shadow (D:10)
  A vampire (D:11)
  A vampire mosquito (D:11)
  Edmund (D:6)
  An acid dragon (D:11)
  A water moccasin (D:11)
  An ice beast (D:7)
  3 orc warriors
  A black bear (D:11)
  An ogre (D:6)
  3 centaurs
  A wolf (D:7)
  A phantom (D:5)
  2 lemures (D:6)
  2 bullfrogs
  A scorpion (D:6)
  A necrophage (D:7)
  5 wights
  Dowan (D:6)
  A vampire bat (D:5)
  4 howler monkeys
  2 jellies
  2 orc priests
  5 hounds
  An iguana (D:5)
  5 orc wizards
  Terence (D:2)
  9 gnolls
  7 adders
  A white imp (D:5)
  2 worms
  18 orcs
  3 ball pythons
  2 bats (D:2)
  12 endoplasms
  2 giant cockroaches
  6 goblins
  6 hobgoblins
  2 jackals
  A kobold (D:3)
  A quokka (D:1)
  2 frilled lizards
140 creatures vanquished.

Vanquished Creatures (collateral kills)
  Gastronok (D:11)
  Harold (D:9)
  A hydra (D:11)
  A two-headed ogre (D:11)
  Erica (D:8)
  A manticore (D:11)
  A komodo dragon (D:11)
  A troll (D:10)
  Grinder (D:3)
  A spriggan (D:10)
  A shadow (D:11)
  A wraith (D:11)
  A wyvern (D:10)
  A yak (D:11)
  5 acid dragons
  A water moccasin (D:8)
  Duvessa (D:6)
  An orc warrior (D:9)
  3 sky beasts
  A centaur (D:6)
  A kobold brigand (D:11)
  3 bullfrogs (D:11)
  A gnoll sergeant (D:7)
  9 wights
  2 howler monkeys
  A vampire bat (D:5)
  A hound (D:7)
  5 orc priests
  7 jellies
  An iguana (D:6)
  8 orc wizards
  4 gnolls
  An adder (D:6)
  A white imp (D:7)
  A dart slug (D:3)
  13 orcs
  A ball python (D:1)
  4 bat skeletons (D:5)
  A bat zombie (D:5)
  7 endoplasms
  A giant cockroach (D:2)
  2 hobgoblins
  A jackal (D:5)
  2 kobolds
  A rat (D:2)
  3 foxfires (D:11)
108 creatures vanquished.

Vanquished Creatures (others)
  9 knights
  2 ancestors (D:2)
  310 foxfires
  51 fungi
  54 plants (D:11)
426 creatures vanquished.

Grand Total: 674 creatures vanquished

Notes
Turn   | Place    | Note
-------+----------+-------------------------------------------
     0 | D:1      | dolemite99 the Hill Orc Fire Elementalist began the quest
                  | for the Orb.
     0 | D:1      | Reached XP level 1. HP: 14/14 MP: 3/3
   131 | D:1      | Reached skill level 1 in Fighting
   211 | D:1      | Found a faded altar of an unknown god.
   292 | D:1      | Prayed at the altar of an unknown god.
   292 | D:1      | Became a worshipper of Hepliaklqana the Forgotten
   292 | D:1      | Reached * piety under Hepliaklqana
   319 | D:1      | Reached XP level 2. HP: 15/21 MP: 1/4
   638 | D:2      | Reached XP level 3. HP: 9/26 MP: 2/5
  1214 | D:2      | Noticed Terence
  1235 | D:2      | Learned a level 2 spell: Scorch
  1380 | D:2      | Reached XP level 4. HP: 33/33 MP: 6/6
  1966 | D:3      | Reached skill level 5 in Fire Magic
  1966 | D:3      | Reached XP level 5. HP: 23/41 MP: 2/7
  2148 | D:3      | Found a burning altar of Makhleb.
  2153 | D:3      | Reached ** piety under Hepliaklqana
  2154 | D:3      | Remembered your ancestor Tepiltzin as a knight
  2294 | D:3      | Noticed Grinder
  2294 | D:3      | Paralysed by Grinder for 3 turns
  2316 | D:3      | Killed Grinder
  2317 | D:3      | Reached skill level 5 in Fighting
  2317 | D:3      | Reached XP level 6. HP: 50/50 MP: 0/8
  3527 | D:4      | Found a staircase to the Ecumenical Temple.
  3754 | D:4      | Reached XP level 7. HP: 38/55 MP: 7/9
  3839 | D:4      | Identified 2 scrolls of acquirement
  3839 | D:4      | Acquired the +9 staff of Olgreb {rPois∞}
  3839 | D:4      | Found the +9 staff of Olgreb {rPois∞}
  3847 | D:4      | Learned a level 3 spell: Ignite Poison
  4030 | D:5      | Entered Level 5 of the Dungeon
  4066 | D:5      | Found Fiabbil's Assorted Antiques.
  4079 | D:5      | Bought a potion of heal wounds for 150 gold pieces
  4079 | D:5      | Bought a scroll of identify for 60 gold pieces
  4099 | D:5      | Acquired the ring of Ecailurr {rC+ Will+ Dex+2}
  4228 | D:5      | Found an ancient bone altar of Kikubaaqudgha.
  4400 | D:5      | Found Kuleitil's Jewellery Emporium.
  4429 | D:5      | Learned a level 3 spell: Inner Flame
  4436 | D:5      | Reached *** piety under Hepliaklqana
  4529 | D:5      | Found Kaududy's Antique Armour Shoppe.
  4571 | D:5      | Found Loaguc's Armour Shoppe.
  4897 | D:6      | Noticed Duvessa
  4897 | D:6      | Noticed Dowan
  4909 | D:6      | Killed Duvessa
  4910 | D:6      | Reached XP level 8. HP: 63/63 MP: 9/13
  4914 | D:6      | Killed Dowan
  5123 | D:6      | Reached skill level 1 in Poison Magic
  5179 | D:6      | Noticed Edmund
  5208 | D:6      | Killed Edmund
  5824 | D:6      | Noticed Pikel
  5890 | D:6      | Killed Pikel
  5891 | D:6      | Reached XP level 9. HP: 57/74 MP: 1/14
  6286 | D:6      | Learned a level 4 spell: Flame Wave
  6370 | D:7      | Reached **** piety under Hepliaklqana
  6938 | D:7      | Noticed Joseph
  6950 | D:7      | Killed Joseph
  6951 | D:7      | Reached skill level 10 in Fighting
  6951 | D:7      | Reached skill level 5 in Poison Magic
  7457 | D:7      | Found a runed translucent door.
  7458 | D:7      | Noticed hgbash's ghost (novice GrEE)
  7478 | D:7      | Found Ubriaf's Jewellery Boutique.
  7531 | D:7      | Noticed an oklob plant
  7703 | D:8      | Found Jaytsuesch's Antique Weapon Shoppe.
  7703 | D:8      | Found Wealo's Weapon Shop.
  7775 | D:5      | Bought a peridot ring for 150 gold pieces
  8139 | D:2      | Killed Terence
  8614 | D:8      | Reached skill level 5 in Conjurations
  8814 | D:8      | Noticed Erica
  8824 | D:8      | Killed Erica
  8825 | D:8      | Reached skill level 5 in Invocations
  8825 | D:8      | Reached XP level 10. HP: 68/83 MP: 15/15
  8970 | D:8      | Found a basalt altar of Yredelemnul.
  9128 | D:8      | Found an iron altar of Okawaru.
  9570 | D:8      | Found a hazy altar of Hepliaklqana.
 10073 | D:9      | Noticed Harold
 10084 | D:9      | Killed Harold
 10312 | D:9      | Noticed Erolcha
 10351 | D:9      | Killed Erolcha
 10352 | D:9      | Reached skill level 10 in Invocations
 10829 | D:9      | Reached XP level 11. HP: 90/90 MP: 15/19
 10950 | D:9      | Found a white marble altar of Elyvilon.
 10950 | D:9      | Found a sparkling altar of Nemelex Xobeh.
 11419 | D:9      | Found a staircase to the Orcish Mines.
 11492 | D:10     | Entered Level 10 of the Dungeon
 11615 | D:10     | Reached ***** piety under Hepliaklqana
 11754 | D:10     | Reached skill level 1 in Axes
 12463 | D:5      | Bought the +1 cloak of Starlight {*Dazzle EV+4 Stlth--} for
                  | 335 gold pieces
 12463 | D:5      | Found the +1 cloak of Starlight {*Dazzle EV+4 Stlth--}
 13039 | D:10     | Noticed a two-headed ogre
 13054 | D:10     | Killed a two-headed ogre
 13204 | D:10     | Found Pufuch's Armour Shop.
 13551 | D:11     | Noticed Gastronok
 13572 | D:11     | Killed Gastronok
 13703 | D:11     | Learned a level 1 spell: Foxfire
 13993 | D:11     | Noticed a boulder beetle
 14046 | D:11     | Noticed a white ugly thing
 14284 | D:11     | Noticed a manticore
 14288 | D:11     | Noticed a two-headed ogre
 14291 | D:11     | Noticed a manticore
 14292 | D:11     | Killed a manticore
 14294 | D:11     | Killed a two-headed ogre
 14302 | D:11     | Killed a manticore
 14303 | D:11     | Noticed a manticore
 14308 | D:11     | Noticed a boulder beetle
 14595 | D:11     | Killed a boulder beetle
 14819 | D:11     | Killed a white ugly thing
 14823 | D:11     | Reached XP level 12. HP: 25/96 MP: 1/20
 15271 | D:11     | Found a staircase to the Lair.
 15325 | D:11     | Reached skill level 10 in Axes
 15856 | D:11     | Noticed a two-headed ogre
 15866 | D:11     | Noticed a six-headed hydra
 16361 | D:11     | Killed a six-headed hydra
 16406 | D:11     | Noticed a centaur warrior
 16406 | D:11     | Noticed a two-headed ogre
 16408 | D:10     | Succumbed to a kobold brigand's curare-tipped dart

Illustrated notes

Levels and vault maps discovered:
D:1:      mrwooster_arrival_arrow, layout_basic,
          hellmonk_ecumenical_altar_arch_garden
D:2:      layout_loops_cross, uniq_terence
D:3:      layout_rooms, overflow_temple_1_default, minmay_misc_feat_rows,
          st_stairs_9, minmay_misc_feat_encased, uniq_grinder
D:4:      layout_cave_pods, minmay_temple_entry_antechambers
D:5:      layout_rooms, kennysheep_vampire_church, serial_shops, shop,
          kennysheep_mini, nicolae_square_shop, nicolae_square_shop
D:6:      layout_loops_corners, uniq_duvessa, uniq_edmund, uniq_pikel
D:7:      lemuel_slime, layout_cave_pools, serial_shops, nicolae_shop_stone,
          serial_gnoll_camp, gnoll_camp_mini_sergeant,
          gnoll_camp_mini_loothouse, gnoll_camp_mini_hut,
          gnoll_camp_mini_doghouse, ebering_ghost_reflecting_pool, uniq_joseph
D:8:      layout_cave_pods, mainiacjoe_overflow_24_doors,
          mainiacjoe_overflow_six_doors_small, kennysheep_little_box,
          serial_shops, nicolae_shop_stone, nicolae_shop_crystal,
          chequers_ossuary_entry_cave, uniq_erica
D:9:      layout_loops_ring, gammafunk_temple_overflow_pools, erik_orc_1,
          uniq_harold, uniq_erolcha
D:10:     layout_roguey, serial_shops, kennysheep_mini_moat, the_hattery
D:11:     nzn_winding_woodlands_stair_cross [nzn_winding_woodlands_5x15_eye,
          nzn_winding_woodlands_center_diamonds,
          nzn_winding_woodlands_5x15_pockets,
          nzn_winding_woodlands_5x5_open_star, nzn_winding_woodlands_5x5_three,
          nzn_winding_woodlands_5x15_concentric,
          nzn_winding_woodlands_center_garden,
          nzn_winding_woodlands_5x15_cabin], layout_stronghold,
          due_lair_maze_entry_diamond, uniq_gastronok

Skill      XL: |  1  2  3  4  5  6  7  8  9 10 11 12 |
---------------+-------------------------------------+-----
Fighting       | 1 2 3 5 6 9 10 | 10.5
Fire Magic     | 4 5 6 8 9 |  9.8
Spellcasting   | 3 4 |  4.4
Poison Magic   | 4 5 |  5.4
Conjurations   | 5 |  5.0
Invocations    | 5 11 | 11.8
Axes           | 9 11 | 11.7
Dodging        | |  1.5
Stealth        | |  1.5

Action                     |  1- 3 |  4- 6 |  7- 9 | 10-12 || total
---------------------------+-------+-------+-------+-------++-------
  Melee: Dagger            |     4 |     6 |       |       ||    10
         Staff             |       |       |    12 |     1 ||    13
         Hand axe          |       |       |       |     7 ||     7
  Throw: Throwing net      |       |       |       |     1 ||     1
   Cast: Foxfire           |    32 |    41 |    54 |    50 ||   177
         Scorch            |     1 |    10 |    45 |   123 ||   179
         Ignite Poison     |       |       |     3 |     2 ||     5
         Flame Wave        |       |       |       |    17 ||    17
 Invoke: Recall Ancestor   |       |     2 |     4 |     2 ||     8
         Ancestor Life: Kn |       |     1 |       |       ||     1
         Idealise          |       |       |       |     4 ||     4
Ability: Evoke the Staff o |       |       |     5 |     3 ||     8
    Use: Potion            |     4 |     1 |       |     4 ||     9
         Scroll            |     2 |       |    20 |    10 ||    32
   Stab: Invisible         |       |       |       |     1 ||     1
 Armour: Robe              |    12 |     7 |    15 |       ||    34
         Leather armour    |       |       |    19 |     9 ||    28
         Acid dragon scale |       |       |       |    42 ||    42
  Dodge: Dodged            |    22 |    17 |    57 |    87 ||   183

Table legend: (Time is in decaauts)
 A = Elapsed time spent in this place.
 B = Non-inter-level travel time spent in this place.
 C = Inter-level travel time spent in this place.
 D = Time resting spent in this place.
 E = Time spent auto-exploring this place.
 F = Levels seen in this place.
 G = Mean time per level.
                   A        B        C        D        E       F      G
               +--------+--------+--------+--------+--------+-----+--------+
         Total |  16427 |  15500 |    927 |   6043 |   6153 |  11 | 1493.4 |
       Dungeon |  16427 |  15500 |    927 |   6043 |   6153 |  11 | 1493.4 |
               +--------+--------+--------+--------+--------+-----+--------+

Top non-repeatable levels by time:
    D:10: 2338 daAuts
    D:11: 2218 daAuts
     D:6: 1700 daAuts
     D:7: 1550 daAuts
     D:9: 1543 daAuts
     D:8: 1513 daAuts
     D:2: 1512 daAuts
     D:3: 1397 daAuts
     D:5: 1076 daAuts
     D:4: 947 daAuts
     D:1: 628 daAuts
